 Dungeon Crawl Stone Soup version 0.31.0-12-g77e489cdc1 (webtiles) character file.

Game seed: 12595742817070204286

144 Ijustatesigmund the Covered (level 5, 0/33 HPs)
             Began as a Gargoyle Fighter on Feb 23, 2024.
             Slain by a gnoll
             ... wielding a +0 flail
              (6 damage)
             ... on level 3 of the Dungeon.
             The game lasted 00:04:40 (1477 turns).

Ijustatesigmund the Covered (Gargoyle Fighter)      Turns: 1477, Time: 00:04:40

Health: 0/33       AC: 11    Str: 20    XL:     5   Next: 26%
Magic:  5/5        EV: 11    Int: 10    God:
Gold:   112        SH:  4    Dex:  9    Spells: 4/4 levels left

rFire   . . .        a - +1 flail (flame)
rCold   . . .        c - +0 buckler
rNeg    + . .        b - +0 scale mail
rPois   ∞            (no helmet)
rElec   +            (no cloak)
rCorr   .            (no gloves)
SInv    .            (no boots)
Will    .....        (no amulet) Stlth
                     j - +2 ring of evasion
HPRegen 0.25/turn    (no ring)
MPRegen 0.09/turn

%: no passive effects
@: mighty, weak-willed
A: sickness immunity, AC +4, negative energy resistance 1, electricity
resistance, torment resistance 1, petrification resistance
a: no special abilities


You were on level 3 of the Dungeon.
You visited 1 branch of the dungeon, and saw 3 of its levels.

You collected 172 gold pieces.
You spent 60 gold pieces at shops.

Inventory:

Hand Weapons
 a - a +1 flail of flaming (weapon)
Armour
 b - a +0 scale mail (worn)
 c - a +0 buckler (worn)
 m - a +1 robe of fire resistance
Jewellery
 j - a +2 ring of evasion (left hand)
Wands
 q - a wand of digging (6)
Scrolls
 h - a scroll of acquirement
 o - a scroll of fog
Potions
 e - a potion of attraction
 g - a potion of enlightenment
 l - a potion of lignification
 n - a potion of brilliance {unknown}


   Skills:
 + Level 4.2 Fighting
 + Level 3.1 Maces & Flails
 + Level 4.2 Armour
 + Level 0.8 Dodging
 - Level 4.0 Shields


You had 4 spell levels left.
You didn't know any spells.
Your spell library was empty.

Dungeon Overview and Level Annotations

Branches:
Dungeon (3/15)

Altars:
Xom

Shops:
D:1 =   D:2 (


Innate Abilities, Weirdness & Mutations

You are immune to sickness and miasma.
Your stone body is resilient. (AC +4)
You are immune to poison.
You resist negative energy. (rN+)
You are resistant to electric shocks. (rElec)
You are resistant to unholy torment.
You are immune to petrification.


Message History

As you read the scroll labelled OGRIERPH EMPY, it dissolves into smoke.
It was a scroll of fog.
Okay, then.
This is a scroll of acquirement!
As you read the scroll labelled PAANIARPHOA, it crumbles to dust.
It is a scroll of enchant weapon.
Your +0 flail glows red for a moment.
The gnoll throws a throwing net.
The throwing net hits you.
You become entangled in the net!
Blink to where?
Press: ? - help, Dir - move target You can't see that place.
Okay, then.
As you read the scroll labelled QOYCITZESYU, it crumbles to dust.
It was a scroll of blinking.
As you read the scroll labelled KIXEGE TOIZEYF, it crumbles to dust.
A wave of despondency washes over your surroundings.
It was a scroll of vulnerability.
The orc hits you with a +0 hand axe. The gnoll closely misses you.
As you read the scroll labelled MUGESEBOLA, it crumbles to dust.
It is a scroll of brand weapon.
Your +1 flail is engulfed in flames!
a - a +1 flail of flaming (weapon)
The orc barely misses you.
You feel very mighty all of a sudden. The orc barely misses you.
The gnoll barely misses you.
You struggle against the net.
The orc barely misses you. The gnoll hits you with a +0 flail. x2
You tear a large gash into the net.
The orc hits you but does no damage. The orc barely misses you.
The gnoll hits you but does no damage. The gnoll barely misses you.
You struggle against the net.
The orc hits you but does no damage. The orc hits you with a +0 hand axe.
The gnoll hits you with a +0 flail.
* * * LOW HITPOINT WARNING * * *
The gnoll hits you but does no damage.
You rip the net and break free!
The orc hits you from afar with a +0 trident.
* * * LOW HITPOINT WARNING * * *
You block the orc's attack. The gnoll hits you but does no damage.
The gnoll hits you with a +0 flail.
You die...

. oo #. .##.. #.... #.o
###..#.## #.... #..§
..#.... ###....
#..[o####..... ......
#...oo@g#...# ##....
#...§##g#...######.....
#######§#...#..........
#....$§§.......#.......
#......................
#....#####.......#.#..#
#...# ##........#..#
...g. #.......#....#
.... .............##.#


You could see 2 gnolls and 3 orcs.

Vanquished Creatures
  Jessica (D:2)
  6 adders (D:2)
  2 dart slugs
  2 ribbon worms (D:2)
  2 orcs (D:3)
  5 endoplasms
  5 giant cockroaches
  5 hobgoblins
  6 quokkas
  3 ball pythons (D:2)
  7 bats
  5 goblins
  3 kobolds
  2 rats
54 creatures vanquished.

Notes
Turn   | Place    | Note
-------+----------+-------------------------------------------
     0 | D:1      | Ijustatesigmund the Gargoyle Fighter began the quest for
                  | the Orb.
     0 | D:1      | Reached XP level 1. HP: 14/14 MP: 1/1
   129 | D:1      | Reached XP level 2. HP: 19/19 MP: 2/2
   145 | D:1      | Found Afeudoan's One-of-a-Kind Rings.
   632 | D:1      | Bought a +2 ring of evasion for 60 gold pieces
   642 | D:2      | Found Pippuppe's Antique Weapon Shoppe.
   667 | D:2      | Reached XP level 3. HP: 24/24 MP: 3/3
   740 | D:2      | Reached XP level 4. HP: 24/29 MP: 4/4
   845 | D:2      | Noticed Jessica
   848 | D:2      | Killed Jessica
   957 | D:2      | Reached XP level 5. HP: 33/33 MP: 5/5
  1015 | D:2      | Found a shimmering altar of Xom.
  1067 | D:2      | Found a faded altar of an unknown god.
  1469 | D:3      | Identified a scroll of acquirement
  1477 | D:3      | Slain by a gnoll

Illustrated notes

Levels and vault maps discovered:
D:1:      wheals_arrival_shading, layout_basic, nicolae_shop_unique_rings,
          chequers_serial_rivers_micro_c
D:2:      layout_rooms, serial_shops, nicolae_shop_hallway_stairs,
          hellmonk_ecumenical_altar_crossroads, basic_altar, minmay_vboxes,
          uniq_jessica
D:3:      layout_rooms, zin_statuary, mainiacjoe_overflow_boulevard,
          serial_glass, glass_columns_a, glass_columns_a

Skill      XL: |  1  2  3  4 |
---------------+-------------+-----
Armour         | 4 |  4.2
Shields        | 4 |  4.0
Fighting       | 4 |  4.2
Maces & Flails | 3 |  3.1
Dodging        | |  0.8

Action                     |  1- 3 |  4- 6 || total
---------------------------+-------+-------++-------
  Melee: Flail             |    70 |    88 ||   158
    Use: Scroll            |       |     8 ||     8
         Potion            |       |     1 ||     1
 Armour: Scale mail        |    56 |    58 ||   114
  Dodge: Dodged            |    37 |    56 ||    93
  Block: Buckler           |    17 |    16 ||    33
